 Dungeon Crawl Stone Soup version 0.19-b1-4-gd8a0a2a (webtiles) character file.

123 user123123 the Chopper (level 4, -1/35 HPs)
             Began as a Vampire Monk on Oct 31, 2016.
             Was a Believer of Uskayaw.
             Slain by a scorpion (8 damage)
             ... on level 4 of the Dungeon.
             The game lasted 00:10:02 (2229 turns).

user123123 the Chopper (Vampire Monk)               Turns: 2229, Time: 00:10:02

Health: -1/35      AC:  5    Str: 10    XL:     4   Next: 79%
Magic:  4/4        EV: 12    Int: 12    God:    Uskayaw [**....]
Gold:   130        SH:  0    Dex: 19    Spells: 0 memorised, 3 levels left

rFire  . . .     SeeInvis +     i - +0 hand axe (curse)
rCold  . . .     Gourm    .     t - +0 ring mail
rNeg   . . .     Faith    .     (no shield)
rPois  .         Spirit   .     (no helmet)
rElec  .         Reflect  .     (no cloak)
rCorr  .         Harm     .     (no gloves)
MR     +....                    (no boots)
Stlth  +++.......               (no amulet)
                                (no ring)
                                (no ring)

@: regenerating quickly
A: fangs 3, thin skeletal structure 1, see invisible, magic resistance 1,
unbreathing
a: Stomp, Line Pass, Renounce Religion


You were on level 4 of the Dungeon.
You worshipped Uskayaw.
Uskayaw was noncommittal.
You were very full.

You visited 1 branch of the dungeon, and saw 4 of its levels.

You collected 130 gold pieces.

Inventory:

Hand Weapons
 a - a +0 hand axe
 i - a cursed +0 hand axe (weapon)
Armour
 t - a +0 ring mail (worn)
Wands
 p - a wand of digging (13/24)
Scrolls
 b - a scroll of enchant weapon {unknown}
 d - a scroll of remove curse {unknown}
 e - a scroll of recharging {unknown}
 f - 4 scrolls of identify {unknown}
 h - 2 scrolls of enchant armour {unknown}
 j - a scroll of noise {unknown}
 n - 3 scrolls of teleportation {unknown}


   Skills:
 + Level 3.1 Fighting
 + Level 4.0 Axes
 + Level 1.0 Armour
 + Level 3.7 Dodging
 + Level 3.6 Stealth
 * Level 0.9 Unarmed Combat


You had 3 spell levels left.
You didn't know any spells.

Dungeon Overview and Level Annotations

Branches:
Dungeon (4/15)
 Temple: D:4-7

Altars:
Cheibriados
Gozag
Sif Muna
Uskayaw


Innate Abilities, Weirdness & Mutations

Your natural rate of healing is unusually fast.
You have razor-sharp teeth.
You have supernaturally acute eyesight. (SInv)
You can survive without breathing.
You have a somewhat thin skeletal structure. (Dex +2, Stealth)
You are resistant to hostile enchantments. (MR+)


Message History

* * * LOW HITPOINT WARNING * * *
You hit the scorpion.
The scorpion is almost dead.
The scorpion stings you.
* * * LOW HITPOINT WARNING * * *
Yummy - fresh blood!
The scorpion stings you.
* * * LOW HITPOINT WARNING * * *
You feel better. The scorpion barely misses you.
You hit the scorpion but do no damage.
The scorpion is almost dead.
The scorpion stings you.
* * * LOW HITPOINT WARNING * * *
Okay, then.
You hit the scorpion.
The scorpion is almost dead.
The scorpion closely misses you.
You hit the scorpion but do no damage. Your punch misses the scorpion.
The scorpion is almost dead.
The scorpion stings you!
You die...

#.###### #........
#.# ##...###. #.#
##.## #. #.#### #.#
## #.#.. #.# #.#.#
##+## #.#%###
##...## #.....#
##.....## ###@s.#
##......)## #...#
#.........#
.......+.........+
##......#.........#
...#.####.......##
.#...# ##.....## .
## # ###...## #.
##.≈≈≈## ##.≈≈≈≈≈##


You could see a scorpion.

Vanquished Creatures
  Jessica (D:2)
  3 gnolls (D:2)
  2 adders
  A worm (D:3)
  A dart slug (D:4)
  A leopard gecko (D:1)
  An orc (D:3)
  4 giant cockroaches
  4 goblins
  7 hobgoblins
  2 jackals (D:1)
  3 kobolds
  A ball python (D:1)
  3 bats (D:3)
  5 frilled lizards
  7 rats
46 creatures vanquished.

Notes
Turn   | Place    | Note
-------+----------+-------------------------------------------
     0 | D:1      | user123123 the Vampire Monk began the quest for the Orb.
     0 | D:1      | Reached XP level 1. HP: 17/17 MP: 1/1
   166 | D:1      | Reached skill level 3 in Axes
   166 | D:1      | Reached XP level 2. HP: 21/23 MP: 2/2
   791 | D:2      | Reached XP level 3. HP: 28/29 MP: 3/3
   803 | D:2      | Noticed a dagger
   804 | D:2      | Noticed a dagger
   804 | D:2      | Found a hide-covered altar of Uskayaw.
   811 | D:2      | Became a worshipper of Uskayaw the Reveler
   811 | D:2      | Reached * piety under Uskayaw
   848 | D:2      | Reached ** piety under Uskayaw
   852 | D:2      | Reached *** piety under Uskayaw
   853 | D:2      | Reached **** piety under Uskayaw
   858 | D:2      | Reached ***** piety under Uskayaw
  1079 | D:2      | Noticed Jessica
  1094 | D:2      | Killed Jessica
  1094 | D:2      | Reached XP level 4. HP: 22/35 MP: 4/4
  1674 | D:3      | Reached skill level 4 in Axes
  1783 | D:3      | Found a deep blue altar of Sif Muna.
  1796 | D:3      | Found an opulent altar of Gozag.
  1989 | D:3      | Gained mutation: You have a somewhat thin skeletal structure. (Dex +2, Stealth) [potion of mutation]
  1989 | D:3      | Gained mutation: You are resistant to hostile enchantments. (MR+) [potion of mutation]
  1998 | D:3      | Reached skill level 1 in Armour
  2088 | D:4      | Found a snail-covered altar of Cheibriados.
  2225 | D:4      | HP: 1/35 [scorpion (2)]
  2229 | D:4      | Slain by a scorpion

Skill      XL: |  1  2  3  4 |
---------------+-------------+-----
Axes           | 3 4 |  4.0
Fighting       | 3 |  3.1
Armour         | 1 |  1.0
Dodging        | |  3.7
Stealth        | |  3.6
Unarmed Combat | |  0.9

Action                   |  1- 3 |  4- 6 || total
-------------------------+-------+-------++-------
Melee: Hand axe          |    91 |    94 ||   185
       Bite              |     7 |    12 ||    19
  Use: Potion            |       |    11 ||    11
 Stab: Sleeping          |     4 |     2 ||     6
       Paralysed         |     3 |       ||     3
       Distracted        |       |     1 ||     1
  Eat: Corpse            |    11 |     4 ||    15
Armor: Ring mail         |    25 |    27 ||    52
       Robe              |     2 |       ||     2
Dodge: Dodged            |    59 |    69 ||   128
